montu, chaotic male human Wizard -------- ------- |.......# ------------- ......| |......|# #............- ... ..| ------------ |......|### #|.......>...| .. .| |..........| ----.--- # #|.......@...| ## .| |..........| ## ###|......Iu.^%-########## . |..........| # #............| #%######## |..........| ### ###|..........|| # |..........| # # ---------.--- `###### #-.(........| ### ### ---.---- ###------------ ----.------- # |......| # |..........+## |.......## |..........|### .......| |...........# -------- |.......<..| |..........| ------------ montu the Thaumaturge Experience level: 6 Strength: 15 Dexterity: 12 Constitution: 14 Intelligence: 17 Wisdom: 10 Charisma: 9 Health: 0(64) Energy: 30(52) Def: 7 Gold: 169 Moves: 3070 Dungeon seed: XLFsQBA_izRk3gze Game ID: montu_1705778888 Your Inventory: Coins $ - 169 gold pieces Weapons a - a blessed +1 quarterstaff (weapon in hands) Armor e - a blessed burnt +0 cloak of magic resistance (being worn) n - a cursed -3 crystal plate mail (being worn) q - an uncursed +0 pair of gauntlets of power z - an uncursed +0 mummy wrapping N - an uncursed +0 pair of water walking boots Comestibles u - an uncursed food ration Scrolls m - an uncursed scroll of fire t - an uncursed scroll of enchant armor Potions i - an uncursed potion of healing k - an uncursed potion of sleeping s - a cursed potion of levitation Rings j - an uncursed +4 ring of gain constitution p - an uncursed ring of conflict Wands b - an uncursed wand of striking (0:1) Tools h - an uncursed blindfold v - an uncursed crystal ball (0:3) Gems r - an uncursed worthless piece of green glass y - an uncursed touchstone Y - an uncursed luckstone Spells and supernatural/magical abilities: Name Level Category Cost Memory a - force bolt 1 attack 8pw 95% m - magic missile 2 attack 16pw 95% n - detect monsters 1 divination 12pw 95% H - speed monster 3 escape 37pw 95% W - pray for help -- divine ? -- Your skills at the end: Fighting Skills wands [Basic] Weapon Skills quarterstaff [Basic] Spellcasting Skills attack spells [Basic] enchantment spells [Basic] Final Attributes: You were nominally aligned. You were magic resistant. You could teleport. You were lucky. You had extra luck. Bad luck did not time out for you. Good luck did not time out for you. You last prayed 1551 turns ago. Anhur was noncommittal. You are dead. Vanquished creatures: a large mimic a small mimic 5 apes a human zombie a mountain nymph a pony a shrieker a kobold mummy 6 giant ants 4 rothes a rabid rat a centipede a werejackal an iguana an acid blob a gas spore 11 manes a large kobold a hobgoblin a yellow mold 2 green molds a gnome zombie 3 geckos 3 jackals a fox 2 kobolds 4 goblins 3 sewer rats 4 grid bugs 3 lichens 9 newts 77 creatures vanquished. Voluntary challenges: You used a wielded weapon 51 times, starting on turn 130. You read items or engraved 9 times, starting on turn 2324. You never genocided any monsters. You never polymorphed an object. You never changed form. You used no wishes. You never split a pudding. You wrote Elbereth's name 6 times, starting on turn 2327. You violated your moral code, losing 29 points of alignment, starting on turn 3026. Dungeon overview: The Dungeons of Doom: levels 1 to 6 Level 1 a fountain a long staircase Level 2 a long staircase Level 3 a weapon shop, a fountain, a vault Level 4 an armor shop, some fountains Level 5 a vault Level 6 <- You were here History has recorded: On T:1 you entered the Dungeons of Doom to retrieve the Amulet of Yendor! On T:533 you reached level 2 of The Dungeons of Doom. On T:829 you advanced to experience level 2. On T:1004 you reached level 3 of The Dungeons of Doom. On T:1171 you advanced to experience level 3. On T:1570 you advanced to experience level 4. On T:1611 you reached level 4 of The Dungeons of Doom. On T:1818 you advanced to experience level 5. On T:2240 you reached level 5 of The Dungeons of Doom. On T:2434 you advanced to experience level 6. On T:2774 you reached level 6 of The Dungeons of Doom. Score breakdown: Gold: 169 ( 7587 points) Experience: 6 levels (12456 points) Exploration: 6 levels ( 12.00%) ( 9583 points) Discoveries: 0 items ( 0.00%) ( 0 points) Valuables value: (no points given unless you survive) Artifact value: 0 ( 0 points) Variety of kills: 31 monsters ( 8.16%) ( 8568 points) Turncount: 3070 turns ( -634 points) Survival: died (score multiplied by 80%) Total score: 30048 Latest messages: You stop exploring. The white unicorn butts! The white unicorn kicks! The white unicorn butts! The white unicorn kicks! The white unicorn butts! The white unicorn kicks! The white unicorn misses. The white unicorn kicks! The magic missile hits the white unicorn! The magic missile bounces! The magic missile hits the white unicorn! The white unicorn butts! The white unicorn misses. You hear a distant zap. The bolt of fire hits you! Your cloak smoulders! The bolt of fire bounces! (2x) The white unicorn butts! The white unicorn kicks! Wait! There's something there you can't see! The white unicorn butts! You die... Final status: Goodbye montu the Wizard, killed by a white unicorn... You died in The Dungeons of Doom on dungeon level 6 with 30048 points, and 169 pieces of gold, after 3070 moves. You were level 6 with a maximum of 64 hit points when you died.